 Dungeon Crawl Stone Soup version 0.31-a0-133-gaae73658be (webtiles) character file.

Game seed: 4748446983797537596

1125 Barriton the Firebug (level 8, -2/58 HPs)
             Began as a Grey Draconian Fire Elementalist on June 2, 2023.
             Slain by Duvessa
             ... wielding a +0 short sword
              (8 damage)
             ... on level 6 of the Dungeon.
             The game lasted 00:07:48 (5612 turns).

Barriton the Firebug (DrFE)                         Turns: 5612, Time: 00:07:48

Health: -2/58      AC: 12    Str: 10    XL:     8   Next: 13%
Magic:  1/15       EV: 12    Int: 18    God:
Gold:   178        SH:  5    Dex: 12    Spells: 14/17 levels left

rFire   + + .        e - staff of fire
rCold   . . .        (no shield)
rNeg    . . .        (body armour unavailable)
rPois   .            (helmet restricted)
rElec   .            (no cloak)
rCorr   .            (no gloves)
SInv    .            r - +0 pair of boots
Will    .....        b - amulet of reflection
Stlth   +            h - ring of protection from cold
HPRegen 0.29/turn    m - ring of fire
MPRegen 0.14/turn

%: reflection
@: lit by a corona, glowing
A: AC +11, amphibious, unfitting armour, cold-blooded
a: no special abilities


You were on level 6 of the Dungeon.
You visited 1 branch of the dungeon, and saw 6 of its levels.

You collected 178 gold pieces.

Inventory:

Armour
 r - a +0 pair of boots (worn)
Magical Staves
 e - a staff of fire (weapon)
 p - a staff of fire
Jewellery
 b - an amulet of reflection (around neck)
 h - a ring of protection from cold (left hand)
 m - a ring of fire (right hand)
 v - a ring of see invisible
Wands
 i - a wand of polymorph (6)
 n - a wand of charming (9)
 o - a wand of acid (13)
Scrolls
 f - 2 scrolls of poison
 u - 2 scrolls of enchant weapon
Potions
 a - a potion of magic
 c - a potion of enlightenment
 d - 3 potions of heal wounds
 g - 2 potions of brilliance
 j - 2 potions of curing
 k - a potion of lignification
 q - a potion of might
 s - a potion of berserk rage {unknown}
 t - a potion of haste {unknown}


   Skills:
 + Level 0.7 Fighting
 + Level 0.4 Staves
 + Level 2.5 Dodging
 + Level 2.4 Stealth
 + Level 0.2 Shields
 + Level 1.0 Unarmed Combat
 + Level 5.0 Spellcasting
 + Level 2.8 Conjurations
 * Level 6.8 Fire Magic
 * Level 2.3 Evocations


You had 14 spell levels left.
You knew the following spells:

 Your Spells              Type           Power      Damage    Failure   Level
a - Foxfire               Conj/Fire      100%       2x1d9     1%          1
b - Scorch                Fire           100%       2d9       1%          2

Your spell library contained the following spells:

 Spells                   Type           Power      Damage    Failure   Level
 Shock                    Conj/Air       36%        1d5       8%          1
 Inner Flame              Hex/Fire       38%        N/A       10%         3
 Volatile Blastmotes      Fire/Tloc      76%        2d16      10%         3
 Necrotise                Necr           16%        1d4       13%         1
 Flame Wave               Conj/Fire      49%        2d12      19%         4
 Lesser Beckoning         Tloc           8%         N/A       21%         2
 Poisonous Vapours        Pois/Air       8%         N/A       21%         2
 Mephitic Cloud           Conj/Pois/Air  7%         N/A       26%         3
 Gell's Gravitas          Tloc           4%         N/A       36%         3
 Swiftness                Air            4%         N/A       36%         3
 Teleport Other           Tloc           4%         N/A       36%         3
 Vampiric Draining        Necr           4%         2d6       36%         3
 Airstrike                Air            2%         2d(1-17)  78%         4
 Freezing Cloud           Conj/Ice/Air   3%         6-21      94%         5
 Agony                    Necr           4%         N/A       98%         5


Dungeon Overview and Level Annotations

Branches:
Dungeon (6/15)
 Temple: D:4-7

Altars:

Annotations:
D:6 Duvessa


Innate Abilities, Weirdness & Mutations

Your dull iron-grey scales are very hard. (AC +11)
You are amphibious.
You cannot fit into any form of body armour.
You are cold-blooded and may be slowed by cold attacks.


Message History

Duvessa goes berserk!
You feel sick. Duvessa closely misses you.
Casting: Scorch (safe; 1% risk of failure)
Confirm with . or Enter, or press ? or * to list all spells.
You don't have enough magic to cast this spell.
You hit Duvessa but do no damage.
Duvessa is heavily wounded.
You feel sick. Duvessa barely misses you.
Duvessa hits you with a +0 short sword!
You hit Duvessa.
Duvessa is heavily wounded.
You feel sick. You block Duvessa's attack.
Duvessa hits you with a +0 short sword.
You hit Duvessa but do no damage. You burn Duvessa!
Duvessa is severely wounded.
You feel sick. You block Duvessa's attack.
You hit Duvessa but do no damage. You tail-slap Duvessa.
Duvessa is severely wounded.
You feel sick. Duvessa hits you with a +0 short sword!
You block Duvessa's attack.
You hit Duvessa. You burn Duvessa!
Duvessa is almost dead.
You feel sick.
You are no longer poisoned.
Duvessa barely misses you. You block Duvessa's attack.
Your magical contamination has completely faded away.
Casting: Scorch (safe; 1% risk of failure)
Confirm with . or Enter, or press ? or * to list all spells.
You feel a strong surge of power!
Flames lash Duvessa but do no damage.
Duvessa hits you with a +0 short sword. x2
* * * LOW HITPOINT WARNING * * *
You barely miss Duvessa.
Duvessa is almost dead.
Duvessa hits you with a +0 short sword!
* * * LOW HITPOINT WARNING * * *
You hit Duvessa. You burn Duvessa.
You tail-slap Duvessa, but do no damage.
Duvessa is almost dead.
Duvessa is no longer more vulnerable to fire.
You block Duvessa's attack. Duvessa hits you with a +0 short sword!
You die...

##...#
##.......######.#.#.##
#.........##.....###.#
+.........+ ....# ##.
#.....[...##.#.## ##
#.......# #.#..## ##.
#.....# #.#.#.###.#
#)e.# #......#.##
####@########.###.##
#.........# #.# ###
#.##..###.# #.#
#.##.#.##.###.#
.#####.#.###.......#
........## ##..#####
.#####...###...#
####.#.#### ##.##


You could see Duvessa (berserk).

Vanquished Creatures
  Sigmund (D:2)
  An ice beast (D:5)
  A black bear (D:5)
  An ogre (D:4)
  A phantom (D:4)
  2 scorpions
  Dowan (D:6)
  2 hounds
  A jelly (D:5)
  Jessica (D:2)
  3 iguanas
  4 gnolls (D:2)
  10 adders
  3 shadow imps (D:5)
  A white imp (D:6)
  2 worms
  3 dart slugs
  4 orcs
  2 ball pythons
  6 endoplasms
  7 giant cockroaches
  7 goblins
  10 hobgoblins
  9 jackals
  4 quokkas
  5 bats
  A frilled lizard (D:3)
  9 kobolds
  9 rats
111 creatures vanquished.

Vanquished Creatures (others)
  328 foxfires
328 creatures vanquished.

Grand Total: 439 creatures vanquished

Notes
Turn   | Place    | Note
-------+----------+-------------------------------------------
     0 | D:1      | Barriton the Draconian Fire Elementalist began the quest
                  | for the Orb.
     0 | D:1      | Reached XP level 1. HP: 14/14 MP: 3/3
   215 | D:1      | Reached XP level 2. HP: 20/20 MP: 0/5
   593 | D:1      | Learned a level 2 spell: Scorch
   771 | D:1      | Reached XP level 3. HP: 26/26 MP: 3/6
  1636 | D:2      | Reached skill level 1 in Unarmed Combat
  1665 | D:2      | Noticed Sigmund
  1677 | D:2      | Killed Sigmund
  1678 | D:2      | Reached skill level 4 in Fire Magic
  1678 | D:2      | Reached XP level 4. HP: 34/34 MP: 0/9
  1678 | D:2      | Reached XP level 5. HP: 39/39 MP: 0/10
  2009 | D:2      | Reached XP level 6. HP: 46/46 MP: 0/11
  2168 | D:2      | Noticed Jessica
  2173 | D:2      | Killed Jessica
  3653 | D:4      | Reached skill level 5 in Fire Magic
  3777 | D:4      | Your scales start taking on a dull iron-grey colour.
  3777 | D:4      | Reached XP level 7. HP: 39/51 MP: 8/13
  4383 | D:4      | Reached skill level 1 in Evocations
  4649 | D:5      | Entered Level 5 of the Dungeon
  4657 | D:5      | Reached skill level 6 in Fire Magic
  5114 | D:5      | Reached XP level 8. HP: 58/58 MP: 9/15
  5386 | D:6      | Reached skill level 5 in Spellcasting
  5596 | D:6      | Noticed Dowan
  5596 | D:6      | Noticed Duvessa
  5604 | D:6      | Killed Dowan
  5612 | D:6      | Slain by Duvessa

Illustrated notes

Levels and vault maps discovered:
D:1:      amcnicky_arrival_gap_in_the_tavern_cellar, layout_basic
D:2:      layout_basic, uniq_sigmund, uniq_jessica
D:3:      layout_basic, hangedman_decor_peaks_small, dk_noncrumbling_3
D:4:      layout_rooms, minmay_pentomino_pile
D:5:      layout_basic
D:6:      layout_loops_corners, chequers_serial_rivers_micro_e,
          nicolae_nh_ransacked_shop, uniq_duvessa

Skill      XL: |  1  2  3  4  5  6  7  8 |
---------------+-------------------------+-----
Dodging        | 2 |  2.5
Unarmed Combat | 1 |  1.0
Stealth        | 2 |  2.4
Spellcasting   | 3 4 5 |  5.0
Fire Magic     | 4 5 6 |  6.8
Conjurations   | 2 |  2.8
Evocations     | 2 |  2.3
Fighting       | |  0.7
Staves         | |  0.4
Shields        | |  0.2

Action                     |  1- 3 |  4- 6 |  7- 9 || total
---------------------------+-------+-------+-------++-------
  Melee: Unarmed           |    27 |       |       ||    27
         Tailslap          |     5 |     6 |     5 ||    16
         Staff             |    28 |    24 |    16 ||    68
         Punch             |     1 |       |       ||     1
   Cast: Foxfire           |    63 |    91 |    65 ||   219
         Scorch            |    11 |    16 |    25 ||    52
    Use: Scroll            |     3 |     5 |     4 ||    12
 Armour: Skin              |    24 |     6 |     5 ||    35
  Dodge: Dodged            |    42 |    17 |    15 ||    74
  Block: Other             |       |     4 |     8 ||    12

Table legend: (Time is in decaauts)
 A = Elapsed time spent in this place.
 B = Non-inter-level travel time spent in this place.
 C = Inter-level travel time spent in this place.
 D = Time resting spent in this place.
 E = Time spent auto-exploring this place.
 F = Levels seen in this place.
 G = Mean time per level.
                   A        B        C        D        E       F      G
               +--------+--------+--------+--------+--------+-----+--------+
         Total |   5621 |   5503 |    118 |      0 |   4775 |   6 |  936.8 |
       Dungeon |   5621 |   5503 |    118 |      0 |   4775 |   6 |  936.8 |
               +--------+--------+--------+--------+--------+-----+--------+

Top non-repeatable levels by time:
     D:2: 1402 daAuts
     D:1: 1117 daAuts
     D:3: 1096 daAuts
     D:4: 1042 daAuts
     D:5: 684 daAuts
     D:6: 278 daAuts
